 Seeded DCSS version 0.29-a0-892-g2c4c91d9db (webtiles) character file.

Game seed: 7647296189204967450 (custom seed)

1297 Kazon the Ruffian (level 8, -9/74 HPs)
             Began as a Troll Gladiator on July 22, 2022.
             Was a Follower of Makhleb.
             Killed by nerve-wracking pain
             ... invoked by an orc priest
              (12 damage)
             ... on level 6 of the Dungeon.
             The game lasted 00:19:59 (4812 turns).

Kazon the Ruffian (Troll Gladiator)                 Turns: 4812, Time: 00:20:00

Health: -9/74      AC:  7    Str: 23    XL:     8   Next: 31%
Magic:  0/8        EV: 11    Int:  4    God:    Makhleb [*.....]
Gold:   604        SH:  0    Dex: 13    Spells: 7/7 levels left

rFire   . . .      SeeInvis .     - Unarmed
rCold   + . .      Faith    .   (no shield)
rNeg    . . .      Spirit   +   a - +0 robe
rPois   .          Reflect  .   b - +0 hat
rElec   .          Harm     .   N - +2 cloak {rCorr}
rCorr   +          Rampage  .   (gloves unavailable)
Will    .....                   (boots unavailable)
Stlth   ++........              q - amulet of guardian spirit
HPRegen 1.02/turn               I - ring of protection from cold
MPRegen 0.11/turn               v - ring of resist corrosion

@: no status effects
A: large, unfitting armour, claws 3, regeneration 1, shaggy fur 1, tough skin 1
a: Renounce Religion


You were on level 6 of the Dungeon.
You worshipped Makhleb.
Makhleb was aware of your devotion.
You visited 1 branch of the dungeon, and saw 6 of its levels.

You collected 1412 gold pieces.
You spent 808 gold pieces at shops.

Inventory:

Hand Weapons
 x - a +0 dagger of venom
 K - a +7 scimitar
Missiles
 c - 4 throwing nets
 d - a large rock
 f - 53 stones (quivered)
 m - 6 javelins
 s - 4 boomerangs
 w - 17 poisoned darts
 L - 3 datura-tipped darts
Armour
 a - a +0 robe (worn)
 b - a +0 hat (worn)
 u - the +7 Kryia's mail coat {PotionHeal*2 rC+}
   (You found it on level 6 of the Dungeon)

   Potions are twice as effective at healing its wearer.
   rC:        It protects you from cold.
 N - a +2 cloak of preservation (worn)
Jewellery
 e - a ring of fire
 q - an amulet of guardian spirit (around neck)
 v - a ring of resist corrosion (right claw)
 I - a ring of protection from cold (left claw)
Wands
 A - a wand of acid (5)
 B - a wand of paralysis (11)
 C - a wand of roots (4)
 E - a wand of digging (5)
Scrolls
 i - a scroll of magic mapping
 j - 2 scrolls of noise {unknown}
 k - 2 scrolls of teleportation
 l - 3 scrolls of poison
 p - a scroll of torment {unknown}
 r - a scroll of summoning {unknown}
 t - a scroll of butterflies {unknown}
 y - 2 scrolls of blinking {unknown}
 H - 2 scrolls of amnesia {unknown}
 J - a scroll of immolation {unknown}
 M - a scroll of fear {unknown}
Potions
 g - 2 potions of haste
 h - a potion of berserk rage
 n - 2 potions of might
 o - 2 potions of heal wounds {unknown}
 z - a potion of mutation
 D - a potion of curing {unknown}
 F - a potion of cancellation
 G - a potion of brilliance {unknown}


   Skills:
 + Level 2.4 Fighting
 * Level 1.6 Short Blades
 + Level 2.5 Throwing
 + Level 4.3 Dodging
 + Level 1.3 Stealth
 + Level 6.7 Unarmed Combat
 * Level 2.6 Invocations
 * Level 2.3 Evocations


You had 7 spell levels left.
You didn't know any spells.
Your spell library contained the following spells:

 Spells                   Type           Power      Damage    Failure   Level
 Blink                    Tloc           0%         N/A       65%         2
 Gell's Gravitas          Tloc           0%         N/A       86%         3
 Lesser Beckoning         Tloc           0%         N/A       86%         3
 Teleport Other           Tloc           0%         N/A       86%         3
 Manifold Assault         Tloc           0%         N/A       100%        5


Dungeon Overview and Level Annotations

Branches:
Dungeon (6/15)             Temple (0/1) D:5

Altars:
Cheibriados
Elyvilon
Kikubaaqudgha
Makhleb
Qazlal
Yredelemnul
The Shining One

Shops:
D:1 ?   D:3 *   D:5 *:?

Portals:
Abyss: D:5

Annotations:
D:5 2 transporters, doricub5's ghost, novice GnWn


Innate Abilities, Weirdness & Mutations

You are too large for most types of armour.
You have claws for hands.
Your natural rate of healing is unusually fast.
You are covered in fur. (AC +1)
You have tough skin. (AC +1)


Message History

The two-headed ogre is heavily wounded.
A two-headed ogre comes into view. It is wielding two +0 giant clubs.
A wraith comes into view.
The two-headed ogre shouts in stereo!
You scratch the two-headed ogre but do no damage.
The two-headed ogre is heavily wounded.
You hear a shout!
You hear an angry growl.
The two-headed ogre hits you with a +0 giant club!!
The two-headed ogre barely misses you.
An orc priest comes into view. It is wielding a +0 hand axe.
You scratch the iguana.
The iguana is lightly wounded.
The two-headed ogre hits you with a +0 giant club!!
The two-headed ogre barely misses you.
The orc priest calls down the wrath of Beogh upon you.
Beogh smites you!
* * * LOW HITPOINT WARNING * * *
The iguana bites you!
* * * LOW HITPOINT WARNING * * *
You completely miss the iguana.
The iguana is lightly wounded.
You closely miss the iguana.
The iguana is lightly wounded.
The iguana bites you!
* * * LOW HITPOINT WARNING * * *
You scratch the iguana.
The iguana is moderately wounded.
The iguana barely misses you.
You scratch the iguana but do no damage.
The iguana is moderately wounded.
The iguana bites you but does no damage.
You barely miss the iguana.
The iguana is moderately wounded.
The orc priest looks encouraged for a moment.
The orc priest mumbles some strange prayers to Beogh against you.
Pain shoots through your body!
* * * LOW HITPOINT WARNING * * *
The orc priest invokes the aid of Beogh against you.
Pain shoots through your body!
You die...

# .... #. 8 ..... #o.
# ..... #.# # # ....
#W. .# # #..# #Y# #.#
# # #...###O# #..#
###.#.#.#..#.#.# #...#
........#..#.O###o...#
...........#...#@.#
####..#.....###O.#..#
.# ..#.........## ##
.# #.#......#####.# .#
#.#............# )##
#........####### ..#
#........# ..#
#........# ..#
#....†...#


You could see a two-headed ogre and an orc priest.

Vanquished Creatures
  3 black bears
  A phantom (D:4)
  2 necrophages
  5 wights (D:6)
  3 hounds (D:5)
  A jelly (D:5)
  A gnoll bouda (D:6)
  An orc priest (D:3)
  2 orc wizards (D:3)
  2 iguanas (D:5)
  8 gnolls
  11 adders
  A shadow imp (D:5)
  A white imp (D:6)
  2 ufetubi (D:5)
  2 worms
  2 dart slugs
  7 orcs
  9 ball pythons
  6 bats
  8 endoplasms
  2 giant cockroaches (D:1)
  8 goblins
  4 hobgoblins
  6 jackals
  6 quokkas
  4 frilled lizards
  7 kobolds
  7 rats
122 creatures vanquished.

Notes
Turn   | Place    | Note
-------+----------+-------------------------------------------
     0 | D:1      | Kazon the Troll Gladiator began the quest for the Orb.
     0 | D:1      | Reached XP level 1. HP: 19/19 MP: 0/0
     2 | D:1      | Noticed a demigod
     2 | D:1      | Noticed an ogre
     4 | D:1      | Noticed a merfolk
     9 | D:1      | Noticed a formicid
     9 | D:1      | Noticed a ghoul
    11 | D:1      | Noticed a minotaur
    13 | D:1      | Noticed a troll
    13 | D:1      | Noticed a tengu
    15 | D:1      | Noticed a draconian
    15 | D:1      | Noticed a naga
    17 | D:1      | Noticed a vampire
    17 | D:1      | Noticed a dwarf
    19 | D:1      | Noticed a felid
    19 | D:1      | Noticed a human
    21 | D:1      | Noticed a spriggan
    23 | D:1      | Noticed a demonspawn
    23 | D:1      | Noticed a gargoyle
    25 | D:1      | Noticed an elf
    25 | D:1      | Noticed an octopode
    27 | D:1      | Noticed a vine stalker
    54 | D:1      | Reached XP level 2. HP: 27/27 MP: 1/1
   100 | D:1      | Found Pam Kegh's Magic Scroll Boutique.
   250 | D:1      | Identified a scroll of acquirement
   250 | D:1      | Acquired 977 gold pieces
   270 | D:1      | Reached XP level 3. HP: 35/35 MP: 2/2
   380 | D:1      | Bought a scroll of magic mapping for 75 gold pieces
   380 | D:1      | Bought a scroll of identify for 20 gold pieces
   380 | D:1      | Bought a scroll of teleportation for 30 gold pieces
   380 | D:1      | Bought a scroll of identify for 20 gold pieces
   380 | D:1      | Bought a scroll of identify for 20 gold pieces
   380 | D:1      | Bought a scroll of identify for 20 gold pieces
   380 | D:1      | Bought a scroll of identify for 20 gold pieces
   380 | D:1      | Bought 2 scrolls of poison for 80 gold pieces
   394 | D:1      | Found a faded altar of an unknown god.
   719 | D:2      | Reached skill level 4 in Unarmed Combat
   719 | D:2      | Reached XP level 4. HP: 38/42 MP: 3/3
   869 | D:2      | Identified the +1 leather armour "Nyud" {rPois rF+ Will-
                  | Dex+3}
  1791 | D:3      | Reached XP level 5. HP: 47/49 MP: 4/4
  2335 | D:3      | Found a white marble altar of Elyvilon.
  2337 | D:3      | Found a stormy altar of Qazlal.
  2372 | D:3      | Found a snail-covered altar of Cheibriados.
  2450 | D:3      | Found Roxyl's Assorted Antiques.
  2466 | D:3      | Reached skill level 5 in Unarmed Combat
  2488 | D:3      | Bought a forked bone wand for 124 gold pieces
  2488 | D:3      | Bought a twisted glass wand for 124 gold pieces
  2488 | D:3      | Bought a short glass wand for 124 gold pieces
  2488 | D:3      | Bought a fuming clear potion for 27 gold pieces
  2488 | D:3      | Bought a lead wand for 124 gold pieces
  2723 | D:4      | Found a burning altar of Makhleb.
  2729 | D:4      | Became a worshipper of Makhleb the Destroyer
  2739 | D:4      | Reached XP level 6. HP: 57/57 MP: 5/5
  2857 | D:4      | Found a glowing golden altar of the Shining One.
  3643 | D:5      | Entered Level 5 of the Dungeon
  3643 | D:5      | Found Raus Jis's Book Boutique.
  3651 | D:5      | Reached skill level 1 in Stealth
  3651 | D:5      | Reached skill level 1 in Invocations
  3651 | D:5      | Reached XP level 7. HP: 65/65 MP: 6/6
  3666 | D:5      | Reached skill level 1 in Evocations
  3681 | D:5      | Found Ziewk's Magic Scroll Boutique.
  3694 | D:5      | Reached skill level 1 in Short Blades
  3694 | D:5      | Reached skill level 6 in Unarmed Combat
  3697 | D:5      | Found Zemmuamp's Book Boutique.
  3699 | D:5      | Found Waron's General Store.
  3958 | D:5      | Found a staircase to the Ecumenical Temple.
  3999 | D:5      | Reached * piety under Makhleb
  4033 | D:5      | Found a basalt altar of Yredelemnul.
  4081 | D:5      | Found an ancient bone altar of Kikubaaqudgha.
  4098 | D:5      | Found a transporter.
  4157 | D:5      | Noticed doricub5's ghost (novice GnWn)
  4162 | D:5      | Found a transporter.
  4224 | D:5      | Found a one-way gate to the infinite horrors of the Abyss.
  4389 | D:6      | Reached XP level 8. HP: 62/74 MP: 5/8
  4433 | D:6      | Found the +7 Kryia's mail coat {PotionHeal*2 rC+}
  4796 | D:6      | Noticed a two-headed ogre
  4800 | D:6      | Noticed a two-headed ogre
  4811 | D:6      | HP: 2/74 [orc priest/nerve-wracking pain (13)]
  4812 | D:6      | Killed from afar by an orc priest

Illustrated notes

Levels and vault maps discovered:
D:1:      kb_arrival_jail, layout_basic, serial_shops, shop,
          ebering_ecumenical_altar_petrified
D:2:      layout_basic, minmay_pentomino_v2
D:3:      kennysheep_six_static_rooms, layout_basic,
          mainiacjoe_overflow_cross_hatched,
          chequers_temple_overflow_statue_of_worship, serial_shops,
          nicolae_lakefront_shop
D:4:      layout_basic, mainiacjoe_overflow_small_starburst,
          mainiacjoe_overflow_brackets, grunt_decor_clamped
D:5:      layout_cave_pools, kiku_gazebo_pond_becter, mainiacjoe_overflow_paths,
          minmay_temple_entry_sparse_star, gammafunk_ghost_abyssal_escape,
          minmay_shop_grid_forest, hex_large
D:6:      layout_basic, pdpol_wu_jian_five_deadly_venoms,
          chequers_hall_statues_y, minmay_manual_mail

Skill      XL: |  1  2  3  4  5  6  7 |
---------------+----------------------+-----
Dodging        | 3 4 |  4.3
Throwing       | 2 |  2.5
Unarmed Combat | 4 5 6 |  6.7
Fighting       | 2 |  2.4
Stealth        | 1 |  1.3
Invocations    | 1 2 |  2.6
Evocations     | 2 |  2.3
Short Blades   | 1 |  1.6

Action                   |  1- 3 |  4- 6 |  7- 9 || total
-------------------------+-------+-------+-------++-------
Melee: Unarmed           |    97 |   128 |   113 ||   338
       Punch             |     1 |     5 |     2 ||     8
       Dagger            |       |    44 |       ||    44
Throw: Stone             |     8 |    13 |    29 ||    50
  Use: Scroll            |     1 |     7 |       ||     8
 Stab: Sleeping          |       |     4 |     2 ||     6
Armor: Robe              |    34 |    44 |    38 ||   116
Dodge: Dodged            |    68 |    73 |    61 ||   202

Table legend: (Time is in decaauts)
 A = Elapsed time spent in this place.
 B = Non-inter-level travel time spent in this place.
 C = Inter-level travel time spent in this place.
 D = Time resting spent in this place.
 E = Time spent auto-exploring this place.
 F = Levels seen in this place.
 G = Mean time per level.
                   A        B        C        D        E       F      G
               +--------+--------+--------+--------+--------+-----+--------+
         Total |   4778 |   4422 |    356 |     17 |   2003 |   6 |  796.3 |
       Dungeon |   4778 |   4422 |    356 |     17 |   2003 |   6 |  796.3 |
               +--------+--------+--------+--------+--------+-----+--------+

Top non-repeatable levels by time:
     D:4: 1033 daAuts
     D:2: 979 daAuts
     D:3: 951 daAuts
     D:1: 661 daAuts
     D:5: 655 daAuts
     D:6: 497 daAuts
